 Dungeon Crawl Stone Soup version 0.30.1-3-gfc49f6343a (webtiles) character file.

Game seed: 4533514230560719183

424 Zeor the Magician (level 7, 0/45 HPs)
             Began as a Djinni Conjurer on July 26, 2023.
             Slain by a black bear (4 damage)
             ... on level 4 of the Dungeon.
             The game lasted 00:11:49 (2705 turns).

Zeor the Magician (Djinni Conjurer)                 Turns: 2705, Time: 00:11:49

Health: 0/45       AC:  2    Str:  6    XL:     7   Next: 17%
Gold:   246        EV: 17    Int: 22    God:
                   SH:  0    Dex: 11

rFire   + + .        h - staff of fire
rCold   . . .        (no shield)
rNeg    . . .        a - +0 robe
rPois   ∞            (no helmet)
rElec   .            (no cloak)
rCorr   .            (no gloves)
SInv    .            (boots unavailable)
Will    .....        (no amulet)
Stlth   ++           g - +5 ring of evasion
HPRegen 0.27/turn    s - ring of ice
MPRegen 0.00/turn

%: infuse magic (-1 HP)
@: flying
A: sickness immunity, fire resistance 2, cold vulnerability 1, float, innate
caster, HP casting, extra vitality 1
a: no special abilities


You were on level 4 of the Dungeon.
You visited 1 branch of the dungeon, and saw 4 of its levels.

You collected 246 gold pieces.

Inventory:

Hand Weapons
 f - a +1 dagger
 i - a +0 quarterstaff
 t - a +2 flail of holy wrath
Missiles
 n - 6 curare-tipped darts
Armour
 a - a +0 robe (worn)
Magical Staves
 h - a staff of fire (weapon)
Jewellery
 g - a +5 ring of evasion (left hand)
 q - a ring of fire
 s - a ring of ice (right hand)
Wands
 m - a wand of mindburst (5)
Scrolls
 b - 3 scrolls of teleportation
 d - a scroll of immolation
 j - a scroll of poison
 p - a scroll of enchant weapon
Potions
 c - a potion of brilliance {unknown}
 e - 4 potions of resistance
 k - a potion of heal wounds {unknown}
 l - a potion of mutation {unknown}
 o - a potion of haste {unknown}
 r - a potion of curing {unknown}


   Skills:
 * Level 2.8 Dodging
 + Level 2.1 Stealth
 * Level 6.0 Spellcasting


You knew the following spells:

 Your Spells              Type           Power      Damage    Failure   Level
a - Magic Dart            Conj           100%       1d8       1%          1
b - Searing Ray           Conj           66%        2d6       1%          2
c - Dazzling Flash        Conj/Hex       66%        N/A       2%          3
d - Fulminant Prism       Conj/Hex       16%        3d10      8%          4
e - Iskenderun's Mystic   Conj/Tloc      33%        2d8       8%          4
f - Shock                 Conj/Air       100%       1d9       1%          1
g - Call Imp              Summ           66%        N/A       1%          2
h - Swiftness             Air            33%        N/A       2%          3
Your spell library was empty.

Dungeon Overview and Level Annotations

Branches:
Dungeon (4/15)
 Temple: D:4-7

Altars:


Innate Abilities, Weirdness & Mutations

You are immune to sickness and miasma.
You are immune to poison.
Your flesh is very heat resistant. (rF++)
You are vulnerable to cold. (rC-)
You float through the air rather than walking.
You learn spells naturally, not from books.
Your magical power is your life essence.
You have superior vitality. (+4 MHP)


Message History

Your Spellcasting skill increases to level 6!
You have reached level 7!
The power to cast Swiftness wells up from within.
Spell assigned to 'h'.
Items here: $ ) [ †.
t - a +2 flail of holy wrath You now have 246 gold pieces (gained 5).
Casting: Searing Ray (safe; 1% risk of failure)
Confirm with . or Enter, or press ? or * to list all spells.
A tiny devil pulls itself out of the air.
Your cerulean imp barely misses the black bear.
The black bear attacks as you move away!
The black bear bites you!
* * * LOW HITPOINT WARNING * * *
The black bear completely misses you.
The black bear claws you but does no damage.
What are your orders? t - Shout!
Orders for allies: a - Attack new target. r - Retreat! s - Stop attacking. g - Guard the area. f - Follow me.
Anything else - Cancel.
Gang up on whom?
Press: ? - help, Dir - move target, f - black bear
Aim: a black bear (ally target) Attack!
The black bear misses you. The black bear barely misses you.
The black bear misses you.
Your cerulean imp hits the black bear from afar with a -1 spear.
The black bear attacks as you move away!
The black bear completely misses you. The black bear claws you.
* * * LOW HITPOINT WARNING * * *
The black bear closely misses you.
Your cerulean imp barely misses the black bear.
Your cerulean imp hits the black bear from afar with a -1 spear.
Your cerulean imp hits the black bear from afar with a -1 spear.
The black bear attacks as you move away!
The black bear bites you.
* * * LOW HITPOINT WARNING * * *
The black bear completely misses you. The black bear claws you.
You die...

▒▒∙∙∙∙∙∙∙▒▒▒ ▒▒▒##
▒∙∙∙∙∙∙∙∙∙∙▒▒ ▒▒▒
▒▒▒▒▒∙∙[∙∙∙∙∙∙∙∙▒▒▒ ▒
▒▒∙∙▒∙∙∙∙∙∙∙∙∙<∙∙∙∙▒▒
▒▒∙∙∙∙∙∙∙5∙∙∙∙∙∙∙∙∙∙∙▒▒
▒▒▒∙∙∙∙∙∙∙∙∙∙∙∙∙∙∙∙∙∙∙∙∙▒▒
▒▒∙∙∙∙∙∙∙∙∙∙∙∙∙∙∙∙∙∙∙∙∙∙∙∙▒▒
▒∙∙∙∙∙∙∙∙∙∙h∙∙∙∙∙∙∙∙∙∙∙∙∙∙∙▒
▒▒
▒▒∙∙∙∙∙∙∙∙∙R∙▒▒▒∙∙∙∙∙∙∙∙∙∙∙▒
∙∙▒▒▒ ▒∙∙∙∙∙∙∙∙∙∙▒▒
▒▒∙∙∙∙∙∙∙∙∙∙▒
∙∙∙∙▒▒▒▒∙∙∙∙∙∙∙∙▒▒
▒▒∙∙∙∙∙∙∙∙▒▒
∙∙∙∙∙∙∙∙∙∙∙∙∙∙∙∙▒ ▒∙∙▒∙∙∙∙∙▒
∙∙∙∙∙∙∙▒∙∙∙∙∙∙∙▒▒ ▒▒∙▒▒▒∙∙▒▒
∙∙∙∙∙∙▒▒▒▒∙∙∙∙▒▒ ▒∙▒▒▒▒▒▒
∙∙∙∙∙▒▒ ▒∙∙▒▒▒ ▒▒∙▒
∙∙∙∙▒▒▒▒▒∙∙▒▒ ▒∙▒
∙∙∙▒▒▒∙∙∙∙∙▒ ▒∙▒▒


You could see a black bear (ally target) and a friendly cerulean imp (summoned).

Vanquished Creatures
  Edmund (D:4)
  An ogre (D:4)
  A phantom (D:4)
  A hound (D:4)
  2 adders (D:3)
  2 worms (D:2)
  2 dart slugs
  6 orcs (D:3)
  6 ball pythons
  10 endoplasms
  2 giant cockroaches
  6 goblins
  6 hobgoblins
  8 jackals
  4 quokkas
  6 bats
  4 frilled lizards
  5 kobolds
  5 rats
78 creatures vanquished.

Vanquished Creatures (collateral kills)
  2 orcs (D:3)
  A quokka (D:4)
3 creatures vanquished.

Vanquished Creatures (others)
  3 fulminant prisms (D:4)
3 creatures vanquished.

Grand Total: 84 creatures vanquished

Notes
Turn   | Place    | Note
-------+----------+-------------------------------------------
     0 | D:1      | Zeor the Djinni Conjurer began the quest for the Orb.
     0 | D:1      | Zeor set off with the following spells memorised: Magic
                  | Dart, Searing Ray, Dazzling Flash, Fulminant Prism,
                  | Iskenderun's Mystic Blast.
     0 | D:1      | Reached XP level 1. HP: 15/15 MP: 0/0
   118 | D:1      | Reached XP level 2. HP: 20/21 MP: 0/0
   474 | D:1      | Reached XP level 3. HP: 20/25 MP: 0/0
   474 | D:1      | Learned a level 1 spell: Shock
   588 | D:1      | Found a faded altar of an unknown god.
   670 | D:2      | Reached skill level 4 in Spellcasting
  1045 | D:2      | Reached XP level 4. HP: 30/31 MP: 0/0
  1561 | D:3      | Reached XP level 5. HP: 31/35 MP: 0/0
  1561 | D:3      | Learned a level 2 spell: Call Imp
  2382 | D:4      | Reached skill level 5 in Spellcasting
  2447 | D:4      | Noticed a phantom
  2453 | D:4      | Killed a phantom
  2454 | D:4      | Reached XP level 6. HP: 33/40 MP: 0/0
  2555 | D:4      | Noticed an ogre
  2564 | D:4      | Killed an ogre
  2673 | D:4      | Noticed Edmund
  2692 | D:4      | Noticed a black bear
  2693 | D:4      | Killed Edmund
  2694 | D:4      | Reached skill level 6 in Spellcasting
  2694 | D:4      | Reached XP level 7. HP: 17/45 MP: 0/0
  2694 | D:4      | Learned a level 3 spell: Swiftness
  2705 | D:4      | Slain by a black bear

Illustrated notes

Levels and vault maps discovered:
D:1:      lemuel_arrival_lava_pool, layout_rooms,
          shapermc_ecumenical_altar_notcrosses
D:2:      layout_rooms
D:3:      layout_basic, serial_bayou_pond_b, minmay_between
D:4:      layout_cave_pods, minmay_temple_entry_waves, uniq_robin, uniq_duvessa,
          uniq_edmund

Skill      XL: |  1  2  3  4  5  6 |
---------------+-------------------+-----
Spellcasting   | 4 5 6 |  6.0
Stealth        | 2 |  2.1
Dodging        | |  2.8

Action                     |  1- 3 |  4- 6 |  7- 9 || total
---------------------------+-------+-------+-------++-------
   Cast: Magic Dart        |    57 |    37 |       ||    94
         Shock             |     5 |    15 |       ||    20
         Searing Ray       |     4 |    17 |       ||    21
         Call Imp          |       |     5 |     1 ||     6
         Fulminant Prism   |       |     3 |       ||     3
         Iskenderun's Myst |       |     1 |       ||     1
    Use: Scroll            |     4 |     4 |       ||     8
 Armour: Robe              |     2 |       |     1 ||     3
  Dodge: Dodged            |    12 |    10 |     7 ||    29
